 Dungeon Crawl Stone Soup version 0.26.1 (webtiles) character file.

Game seed: 12092624144076270891

11590 oldmanjim the Fighter (level 11, -6/111 HPs)
             Began as a Hill Orc Monk on Feb 5, 2021.
             Was a Believer of Beogh.
             Killed from afar by Azrael (31 damage)
             ... with damnation
             ... on level 11 of the Dungeon on Feb 6, 2021.
             The game lasted 01:05:09 (12882 turns).

oldmanjim the Fighter (Hill Orc Monk)              Turns: 12882, Time: 01:05:09

Health: -6/111     AC: 20    Str: 24    XL:     11   Next: 80%
Magic:  0/23       EV:  9    Int: 10    God:    Beogh [**....]
Gold:   445        SH:  4    Dex: 15    Spells: 10/10 levels left

rFire    + . .     SeeInvis .   V - +6 broad axe
rCold    . . .     Faith    .   t - +0 buckler
rNeg     . . .     Spirit   +   W - +4 chain mail {rF+}
rPois    .         Reflect  .   Q - +0 helmet
rElec    +         Harm     .   v - +0 cloak
rCorr    .         Rampage  .   m - +1 pair of gloves
Will     .....                  r - +0 pair of boots
Stlth    ..........             B - amulet "Icvaerch" {Spirit *Slow rElec Dex+2 Stlth+}
HPRegen  0.28/turn              N - ring of magical power
MPRegen  0.18/turn              S - +6 ring of strength

@: no status effects
A: no striking features
a: Renounce Religion, Smiting


You were on level 11 of the Dungeon.
You worshipped Beogh.
Beogh was pleased with you.
You visited 1 branch of the dungeon, and saw 12 of its levels.

You collected 737 gold pieces.
You spent 292 gold pieces at shops.

Inventory:

Hand Weapons
 a - a +5 trident of protection
 b - a +0 hunting sling
 V - a +6 broad axe (weapon)
Missiles
 e - a throwing net
 f - 531 stones
 j - 18 poisoned darts (quivered)
 n - 5 boomerangs
 o - 6 datura-tipped darts
 p - 32 sling bullets
 A - 8 javelins
 O - 6 atropa-tipped darts
Armour
 i - a +2 ring mail of cold resistance
 m - a +1 pair of gloves (worn)
 r - a +0 pair of boots (worn)
 t - a +0 buckler (worn)
 v - a +0 cloak (worn)
 Q - a +0 helmet (worn)
 W - a +4 chain mail of fire resistance (worn)
Jewellery
 B - the amulet "Icvaerch" (around neck) {Spirit *Slow rElec Dex+2 Stlth+}
   (You found it on level 9 of the Dungeon)

   [amulet of guardian spirit]

   It causes incoming damage to be split between your health and magic.
   It affects your dexterity (+2).
   It insulates you from electricity.
   It may slow you when you take damage.
   It makes you more stealthy.
 N - a ring of magical power (left hand)
 S - a +6 ring of strength (right hand)
Wands
 c - a wand of digging (8)
 w - a wand of flame (5)
 y - a wand of iceblast (1)
 I - a wand of paralysis (7)
Scrolls
 d - 3 scrolls of teleportation
 h - 3 scrolls of remove curse
 q - a scroll of enchant armour {unknown}
 s - a scroll of noise {unknown}
 E - 3 scrolls of blinking
 J - 4 scrolls of fog {unknown}
 K - 2 scrolls of silence
 L - a scroll of magic mapping
 M - 3 scrolls of fear
 R - a scroll of random uselessness {unknown}
Potions
 g - 4 potions of flight
 k - 2 potions of heal wounds
 l - a potion of mutation
 z - 7 potions of curing
 D - a potion of ambrosia
 F - 3 potions of magic
 G - 3 potions of brilliance
 H - a potion of haste
 P - a potion of resistance {unknown}
 U - a potion of lignification {unknown}


   Skills:
 * Level 14.7 Fighting
 + Level 11.0 Axes
 - Level 5.0 Throwing
 * Level 7.2 Armour
 - Level 2.4 Dodging
 - Level 1.5 Stealth
 + Level 1.0 Shields
 + Level 4.6 Invocations
 - Level 5.0 Evocations


You had 10 spell levels left.
You didn't know any spells.
Your spell library contained the following spells:

 Spells                   Type           Power        Failure   Level
 Corona                   Hex            0%           98%         1
 Ensorcelled Hibernation  Hex/Ice        0%           99%         2
 Confusing Touch          Hex            0%           100%        3
 Dazzling Flash           Conj/Hex       0%           100%        3
 Tukima's Dance           Hex            0%           100%        3
 Cause Fear               Hex            0%           100%        4
 Silence                  Hex/Air        0%           100%        5
 Yara's Violent Unravell  Hex/Tmut       0%           100%        5
 Discord                  Hex            0%           100%        8


Dungeon Overview and Level Annotations

Branches:
Dungeon (12/15)            Temple (0/1) D:7            Lair (0/6) D:9
    Orc: D:9-12

Altars:
Okawaru
Ru
Trog
Uskayaw
Vehumet
Wu Jian

Shops:
D:4 ?   D:5 (   D:7 *   D:11 [[(=[

Annotations:
D:10 2 transporters, thiole's ghost, novice OpWz
D:11 Azrael


Message History

* * * LOW HITPOINT WARNING * * *
The damnation engulfs Azrael.
Azrael completely resists.
Azrael closely misses you.
Azrael blows smoke rings.
There is an escape hatch in the floor here.
Aiming: Smiting
Press: ? - help, Dir - move target, f - Azrael Smite: Azrael, wielding a +0 scimitar of flaming (heavily wounded)
You smite Azrael!
Azrael is severely wounded.
You are too injured to fight recklessly!
Unknown command.
You hit Azrael but do no damage.
Azrael is severely wounded.
Azrael hits you but does no damage.
You slash Azrael!
Azrael is almost dead.
Azrael gestures at you.
The sphere of damnation explodes!
The damnation engulfs you!!
You die...

#.####..### ######
#.##....# ## #.##.##.# #.
#.......##########.
##.......#......[#.
#.#.###.#.......#.
#.#.###.#.......#.
#.#☼>##.#.......#.
#@##○##.#.........
#R##○##.#.........
#∩°☼(...#.........
####.#######.###.^ #.#
#.....##.# ######## #.#
#.##...... #......# #.#
#.###.##.. #.####.# #.#
#.# #.##.#
#.####.############.####.#
#.....


You could see Azrael.

Vanquished Creatures
  A boulder beetle (D:11)
  2 two-headed ogres
  Erica (D:10)
  Urug (D:10)
  An ugly thing (D:11)
  A manticore (D:11)
  Maggie (D:6)
  2 trolls
  A hornet (D:8)
  A shadow (D:11)
  A vampire (D:11)
  3 yaks (D:9)
  2 fire elementals (D:12)
  An acid dragon (D:11)
  A water moccasin (D:8)
  A hell hound (D:12)
  3 sky beasts
  2 orc warriors
  3 black bears
  3 ice beasts
  3 phantoms
  3 necrophages
  4 centaurs
  10 bullfrogs
  4 scorpions
  7 howler monkeys
  An electric eel (D:7)
  2 centaur zombies
  8 hounds
  2 jellies
  A quasit (D:7)
  4 centaur skeletons
  2 orc priests (D:11)
  3 bullfrog skeletons
  Terence (D:2)
  6 iguanas
  4 orc wizards
  4 worker ants
  A hound skeleton (D:6)
  9 gnolls
  14 adders
  A howler monkey skeleton (D:7)
  2 shadow imps
  3 white imps
  An ufetubus (D:9)
  An ooze (D:7)
  3 dart slugs
  6 leopard geckos
  30 orcs
  2 bat zombies (D:1)
  7 giant cockroaches
  7 goblins
  4 hobgoblins
  3 jackals (D:6)
  4 quokkas
  4 ball pythons
  7 bats
  7 frilled lizards
  A jackal skeleton (D:5)
  A jackal zombie (D:5)
  5 kobolds
  2 quokka skeletons
  11 rats
237 creatures vanquished.

Vanquished Creatures (others)
  A howler monkey (D:10)
  2 orcs (D:10)
  24 fungi (D:9)
  34 plants
61 creatures vanquished.

Grand Total: 298 creatures vanquished

Notes
Turn   | Place    | Note
-------+----------+-------------------------------------------
     0 | D:1      | oldmanjim the Hill Orc Monk began the quest for the Orb.
     0 | D:1      | Reached XP level 1. HP: 19/19 MP: 1/1
    92 | D:1      | Reached XP level 2. HP: 27/27 MP: 2/2
   103 | D:1      | Reached skill level 4 in Fighting
   195 | D:1      | Reached skill level 1 in Armour
   195 | D:1      | Reached XP level 3. HP: 33/33 MP: 3/3
   887 | D:2      | Reached skill level 5 in Axes
  1062 | D:2      | Reached XP level 4. HP: 41/41 MP: 4/4
  1165 | D:2      | Found a sacrificial altar of Ru.
  1331 | D:2      | Found a faded altar of an unknown god.
  1392 | D:2      | Noticed Terence
  1401 | D:2      | Killed Terence
  1580 | D:2      | Reached XP level 5. HP: 47/47 MP: 5/5
  1632 | D:2      | Reached skill level 5 in Fighting
  2860 | D:4      | Reached XP level 6. HP: 56/56 MP: 6/6
  3585 | D:4      | Found Gush's Magic Scroll Shop.
  3591 | D:4      | Bought a scroll of silence for 75 gold pieces
  3591 | D:4      | Bought a scroll of magic mapping for 35 gold pieces
  3591 | D:4      | Bought a scroll of fear for 35 gold pieces
  3591 | D:4      | Bought a scroll of blinking for 75 gold pieces
  3644 | D:5      | Entered Level 5 of the Dungeon
  3841 | D:5      | Reached skill level 6 in Fighting
  3863 | D:5      | Noticed an ice beast
  3869 | D:5      | Reached XP level 7. HP: 62/63 MP: 7/7
  3961 | D:5      | Found a bloodstained altar of Trog.
  4117 | D:5      | Found a bloodstained altar of Trog.
  4149 | D:5      | Found an iron altar of Okawaru.
  4234 | D:5      | Found a radiant altar of Vehumet.
  4306 | D:5      | Found Tuahif's Antique Weapon Shop.
  4668 | D:6      | Found a hide-covered altar of Uskayaw.
  4804 | D:6      | Reached skill level 7 in Fighting
  4804 | D:6      | Reached skill level 5 in Armour
  4838 | D:6      | Found a bloodstained altar of Trog.
  4889 | D:6      | Reached XP level 8. HP: 61/73 MP: 6/8
  5145 | D:6      | Noticed Maggie
  5167 | D:6      | Killed Maggie
  5168 | D:6      | Reached skill level 8 in Fighting
  6020 | D:7      | Reached skill level 9 in Fighting
  6020 | D:7      | Reached skill level 10 in Axes
  6027 | D:7      | Reached XP level 9. HP: 80/83 MP: 9/9
  6096 | D:7      | Reached skill level 10 in Fighting
  6144 | D:7      | Reached skill level 1 in Throwing
  6144 | D:7      | Reached skill level 1 in Evocations
  6258 | D:7      | Found Heti's General Store.
  6622 | D:7      | Found a staircase to the Ecumenical Temple.
  7365 | D:8      | Noticed a troll
  7371 | D:8      | Killed a troll
  7669 | D:8      | Noticed a hornet
  7675 | D:8      | Paralysed by a hornet for 1 turns
  7677 | D:8      | Killed a hornet
  8429 | D:8      | Noticed a two-headed ogre
  8457 | D:8      | Killed a two-headed ogre
  8458 | D:8      | Reached skill level 5 in Throwing
  8458 | D:8      | Reached skill level 5 in Evocations
  8458 | D:8      | Reached XP level 10. HP: 94/94 MP: 10/10
  8463 | D:8      | Reached skill level 11 in Fighting
  9056 | D:9      | Reached skill level 12 in Fighting
  9269 | D:9      | Found a staircase to the Lair.
  9565 | D:9      | Got a crude emerald amulet
  9576 | D:9      | Identified the amulet "Icvaerch" {Spirit *Slow rElec Dex+2
                  | Stlth+} (You found it on level 9 of the Dungeon)
 10117 | D:9      | Found an ornate altar of the Wu Jian Council.
 10187 | D:10     | Entered Level 10 of the Dungeon
 10289 | D:10     | Noticed thiole's ghost (novice OpWz)
 10289 | D:10     | Noticed a moth of wrath
 10299 | D:10     | Found a transporter.
 10314 | D:10     | Found a transporter.
 10415 | D:10     | Noticed a two-headed ogre
 10454 | D:10     | Killed a two-headed ogre
 10455 | D:10     | Reached skill level 13 in Fighting
 10564 | D:10     | Reached XP level 11. HP: 106/108 MP: 11/11
 10660 | D:10     | Became a worshipper of Beogh the Brigand
 10660 | D:10     | Reached * piety under Beogh
 10660 | D:10     | Reached ** piety under Beogh
 10722 | D:10     | Noticed Urug
 10743 | D:10     | Killed Urug
 10744 | D:10     | Reached skill level 14 in Fighting
 11138 | D:10     | Noticed Erica
 11162 | D:10     | Killed Erica
 11163 | D:10     | Reached skill level 1 in Invocations
 11318 | D:11     | Found Ysuvaefu's Weapon Boutique.
 11418 | D:11     | Noticed a boulder beetle
 11447 | D:11     | Killed a boulder beetle
 11582 | D:11     | Found Dock's Jewellery Shop.
 11582 | D:11     | Noticed a cyan ugly thing
 11607 | D:11     | Killed a cyan ugly thing
 11955 | D:11     | Found Hagiduhagg's Armour Shoppe.
 11979 | D:11     | Noticed a manticore
 11991 | D:11     | Killed a manticore
 12320 | D:11     | Found Zoxyzuri's Armour Shop.
 12416 | D:11     | Bought a +0 buckler for 72 gold pieces
 12776 | D:11     | Found Boulor's Antique Armour Shop.
 12862 | D:12     | Noticed Azrael
 12870 | D:12     | Reached skill level 1 in Shields
 12882 | D:11     | Killed from afar by Azrael

Illustrated notes

Levels and vault maps discovered:
D:1:      saegor_arrival_fortress, layout_basic
D:2:      layout_basic, lemuel_doored_altar, chequers_ecumenical_altar_twisty,
          uniq_terence
D:3:      layout_rooms
D:4:      layout_loops_ring, serial_shops, shop, chequers_arboretum
D:5:      layout_loops_cross, okawaru_metal_pillars_1_2, old_standard_altar,
          fiery_altar_vehumet, serial_shops, nicolae_shop_trees,
          lemuel_statue_altar
D:6:      layout_loops_ring, eat_drink_and_be_merry_uskayaw, basic_altar,
          uniq_maggie
D:7:      layout_basic, minmay_temple_entry_enclosed_plants, serial_shops,
          shop_fountains, serial_bayou_pond_b
D:8:      layout_loops_corners, hangedman_decor_slide_cut, dk_rats_in_the_wall
D:9:      layout_rooms, nzn_wu_jian_council_hall, due_lair_maze_entry_diamond,
          minmay_misc_feat_cross, nicolae_wwwww
D:10:     layout_gridville, gammafunk_ghost_berserking_beasts, uniq_urug,
          uniq_erica
D:11:     layout_loops_cross, serial_shops, shop, nicolae_shop_trees,
          kennysheep_little_box, shop, shop, moated_statue
D:12:     layout_basic, orc_david_3, uniq_fannar, uniq_azrael

Skill      XL: |  1  2  3  4  5  6  7  8  9 10 11 |
---------------+----------------------------------+-----
Fighting       | 4 5 6 7 9 10 13 14 | 14.7
Armour         | 1 2 3 4 5 7 |  7.2
Axes           | 5 6 8 10 11 | 11.0
Throwing       | 5 |  5.0
Evocations     | 5 |  5.0
Invocations    | 4 |  4.6
Shields        | 1 |  1.0
Dodging        | |  2.4
Stealth        | |  1.5

Action                   |  1- 3 |  4- 6 |  7- 9 | 10-12 || total
-------------------------+-------+-------+-------+-------++-------
Melee: Hand axe          |   102 |    10 |       |       ||   112
       Trident           |       |   120 |   310 |   168 ||   598
       Mace              |       |     7 |       |       ||     7
       Broad axe         |       |       |       |   120 ||   120
 Fire: Hunting sling     |       |    13 |    24 |       ||    37
Throw: Dart              |     2 |    56 |    29 |    70 ||   157
       Boomerang         |       |       |       |     7 ||     7
Invok: Smiting           |       |       |       |     1 ||     1
       Convert to Beogh  |       |       |       |     1 ||     1
Evoke: Wand              |       |       |       |     1 ||     1
  Use: Scroll            |       |     6 |     5 |     5 ||    16
       Potion            |       |       |     1 |     1 ||     2
 Stab: Sleeping          |       |     1 |       |     2 ||     3
Armor: Ring mail         |    54 |    50 |    19 |       ||   123
       Scale mail        |       |       |   160 |    84 ||   244
       Chain mail        |       |       |       |    94 ||    94
Dodge: Dodged            |    70 |    53 |   135 |   158 ||   416
Block: Buckler           |       |       |       |     5 ||     5
